Cogmind - Beta 10.2 @@@ ROGUE MODE // 2021.06.09 @ 21:15:24 Player: CrossedViper Result: Core destroyed Performance ------------- Evolutions (0) 0 Regions Visited (2) 400 Robots Destroyed (14) 70 Value Destroyed (284) 284 Prototype IDs (0) 0 Alien Tech Used (0) 0 Bonus (0) 0 TOTAL SCORE: 754 Bonus ------- None Cogmind --------- Core Integrity 0/250 Matter 73/300 Energy 100/100 System Corruption 0% Temperature Cool (0) Movement Core (50) Location -10/Mines Parts ------- > --- POWER (1) -------- (None) > --- PROPULSION (2) --- (None) > --- UTILITY (2) ------ Targeting Computer Weapon Shielding > --- WEAPON (2) ------- (None) > --- INVENTORY (4) ---- Ion Engine Beam Rifle Heavy Assault Rifle Peak State ------------ > --- POWER ------------ Light Ion Engine > --- PROPULSION ------- Light Treads Light Treads > --- UTILITY ---------- Medium Storage Unit Medium Storage Unit > --- WEAPON ----------- Medium Laser Rocket Launcher > --- INVENTORY -------- Ion Engine Improved Treads Improved Treads Improved Treads EM Pulse Gun Rocket Launcher Rocket Launcher Rocket Launcher [Rating: 9] Favorites ----------- Power Light Ion Engine Engine Light Ion Engine Propulsion Light Treads Treads Light Treads Utility Medium Storage Unit Storage Medium Storage Unit Processor Targeting Computer Protection Weapon Shielding Weapon Medium Laser Energy Gun Medium Laser Ballistic Gun Heavy Assault Rifle Launcher Rocket Launcher Build | -11 -10 -10 ------- Run | Scr Mat Min Slots Evolved . | . . . Power . | . . . Propulsion . | . . . Utility . | . . . Weapon . | . . . Parts Attached 25 | 5 10 10 Power 1 | 1 . . Engine 1 | 1 . . Core . | . . . Reactor . | . . . Propulsion 6 | 2 1 3 Treads 6 | 2 1 3 Leg . | . . . Wheel . | . . . Hover . | . . . Flight . | . . . Utility 6 | . 4 2 Device . | . . . Storage 4 | . 4 . Processor 1 | . . 1 Hackware . | . . . Protection 1 | . . 1 Artifact . | . . . Weapon 12 | 2 5 5 Energy Gun 6 | 2 3 1 Energy Cannon . | . . . Ballistic Gun 1 | . . 1 Ballistic Cannon . | . . . Launcher 5 | . 2 3 Special Weapon . | . . . Impact Weapon . | . . . Slashing Weapon . | . . . Piercing Weapon . | . . . Special Melee Weapon . | . . . Unidentified Prototypes . | . . . Parts Lost 12 | . . 12 Power 1 | . . 1 Propulsion 5 | . . 5 Utility . | . . . Weapon 6 | . . 6 Highest Loss Streak 9 | . . 9 Average Slot Usage (%) 79 | . 88 61 Engine 10 | . 14 2 Treads 24 | . 28 17 Storage 18 | . 17 21 Processor 1 | . . 3 Protection 1 | . . 3 Energy Gun 16 | . 24 1 Ballistic Gun 1 | . . 3 Launcher 4 | . 3 8 Naked Turns . | . . . Heaviest Build 25 | 6 25 25 Greatest Support 46 | 3 40 46 Greatest Overweight (x) 1 | 1 1 . Average Overweight (x) . | . . . Largest Inventory Capacity 12 | 4 12 12 Average Capacity 8 | 4 8 10 Most Carried 8 | 4 8 8 Average Carried 4 | 1 5 2 Final Capacity 12 | 4 12 4 Final Carried 8 | 4 8 3 Class Distribution -------------------- 100% | Mutant Dominant Class ---------------- Mutant | -10/Materials Mutant | -10/Mines Resources | -11 -10 -10 ----------- Run | Scr Mat Min Matter Collected 400 | 232 91 77 Remotely . | . . . Salvage Created 192 | . 76 116 Parts 21 | . 16 5 Haulers Intercepted . | . . . Recyclers Shooed . | . . . Parts Field Recycled . | . . . Retrieved Matter . | . . . Parts Self-Destructed . | . . . Prevented . | . . . Kills | -11 -10 -10 ------- Run | Scr Mat Min Combat Hostiles Destroyed 26 | . 8 18 Guns 2 | . 1 1 AOE 24 | . 7 17 Classes Destroyed 5 | . 3 2 Watcher 1 | . 1 . Swarmer 9 | . 6 3 Grunt 2 | . 2 . Sentry 2 | . . 2 Assembled 13 | . . 13 Best Kill Streak 16 | . 7 16 Combat Bots Only 16 | . 6 16 Max Kills in Single Turn 4 | . 4 3 Gunslinging . | . . . Exploded 3 | . 3 3 Melee . | . . . Uniques/NPCs Destroyed . | . . . Combat | -11 -10 -10 -------- Run | Scr Mat Min Damage Taken 1648 | . 98 1550 Core 257 | . . 257 Absorbed by Shields . | . . . Core Remaining (%) 100 | 100 . . Volleys Fired 32 | . 9 23 Largest 2 | . 2 1 Hottest 90 | . 90 33 Shots Fired 34 | . 11 23 Gun 12 | . 5 7 Cannon . | . . . Launcher 22 | . 6 16 Special . | . . . Kinetic 7 | . . 7 Thermal 5 | . 5 . Explosive 22 | . 6 16 Electromagnetic . | . . . Robot Hit Streak 12 | . 3 12 Robot Miss Streak 1 | . 1 1 Penetration Max . | . . . Secondary Targets . | . . . Shots Hit Robots 21 | . 6 15 Core Hits 51 | . 13 38 Critical Hits . | . . . Critical Kills . | . . . Critical Parts Destroyed . | . . . Melee Attacks . | . . . Impact . | . . . Slashing . | . . . Piercing . | . . . Sneak Attacks . | . . . Combat Hostiles . | . . . Follow-up Attacks . | . . . Damage Inflicted 1978 | . 697 1281 Guns 163 | . 47 116 Cannons . | . . . Explosions 1788 | . 650 1138 Melee . | . . . Ramming 27 | . . 27 Kinetic 116 | . . 116 Thermal 47 | . 47 . Explosive 1788 | . 650 1138 Electromagnetic . | . . . Impact . | . . . Slashing . | . . . Piercing . | . . . Highest Corruption . | . . . Average Corruption . | . . . Corruption Purged . | . . . Overload Shots . | . . . Overflow Damage 127 | . 63 64 Projectiles . | . . . Explosions 127 | . 63 64 Melee . | . . . Knockbacks . | . . . Impact . | . . . Kinetic . | . . . Secondary . | . . . Self-Inflicted Damage 419 | . 21 398 Shots 10 | . 1 9 Rammed 10 | . . 10 Targets Rammed 10 | . . 10 Kicked . | . . . Crushed . | . . . Highest Temperature 72 | . 72 16 Average Temperature 26 | . 32 10 Received Heat Transfer 179 | . 24 155 Siege Activations . | . . . Robots Corrupted . | . . . Combat Hostiles . | . . . Parts Fried . | . . . Impact Corruptions . | . . . Robots Melted . | . . . Combat Hostiles . | . . . Parts Melted 1 | . 1 . Heat Transferred 124 | . 124 . Parts Sabotaged . | . . . Parts Stolen . | . . . Parts Stripped . | . . . Power Chain Reactions . | . . . Missiles Intercepted . | . . . Alert | -11 -10 -10 ------- Run | Scr Mat Min Peak Influence 342 | . 342 218 Initial 133 | . . 133 Average 117 | . 128 155 Maximum Alert Level 1 | . 1 1 Low Security (%) 90 | 100 88 90 Level 1 9 | . 11 9 Level 2 . | . . . Level 3 . | . . . Level 4 . | . . . Level 5 . | . . . High Security . | . . . Max Security . | . . . Squads Dispatched 5 | . 5 . Investigation 1 | . 1 . Extermination . | . . . Reinforcement 4 | . 4 . Assault . | . . . Garrison . | . . . Intercept . | . . . Construction Impeded . | . . . Haulers Reinforced . | . . . Stealth | -11 -10 -10 --------- Run | Scr Mat Min Distress Signals 1 | . 1 . Communications Jammed . | . . . Distress Signals . | . . . Times Spotted 34 | . 14 20 Peak Tracking Total 11 | . 9 11 Tactical Retreats 2 | . 2 . Traps | -11 -10 -10 ------- Run | Scr Mat Min Traps Triggered 1 | . 1 . Indirectly . | . . . Trap Hack Attempts . | . . . Triggered . | . . . Disarmed . | . . . Reprogrammed . | . . . Reused . | . . . Traps Extracted . | . . . Installed . | . . . Triggered . | . . . Machines | -11 -10 -10 ---------- Run | Scr Mat Min Machines Disabled 2 | . 2 . Max in Single Turn 2 | . 2 . Machines Sabotaged . | . . . Garrisons Compromised . | . . . Overloaded Fab Kills . | . . . Fab Network Shutdowns . | . . . Hacking | -11 -10 -10 --------- Run | Scr Mat Min Machines Accessed 1 | . 1 . Terminals 1 | . 1 . Fabricators . | . . . Repair Stations . | . . . Recycling Units . | . . . Scanalyzers . | . . . Garrison Access . | . . . Total Hacks 4 | . 4 . Successful 1 | . 1 . Failed 3 | . 3 . Catastrophic . | . . . Database Lockouts . | . . . Manual 4 | . 4 . Terminals 4 | . 4 . Fabricators . | . . . Repair Stations . | . . . Recycling Units . | . . . Scanalyzers . | . . . Garrison Access . | . . . Terminal Hacks 1 | . 1 . Robot Analysis 1 | . 1 . Fabricator Hacks . | . . . Repair Station Hacks . | . . . Recycling Unit Hacks . | . . . Scanalyzer . | . . . Garrison Access Hacks . | . . . Unauthorized Hacks . | . . . Terminals . | . . . Fabricators . | . . . Repair Stations . | . . . Recycling Units . | . . . Scanalyzers . | . . . Garrison Access . | . . . Data Cores Recovered . | . . . Used . | . . . Hacking Detections 1 | . 1 . Full Trace Events 1 | . 1 . Feedback Events . | . . . Feedback Blocked . | . . . Robot Schematics Acquired . | . . . Robots Built . | . . . Matter . | . . . Time . | . . . Total Robot Build Rating . | . . . Part Schematics Acquired . | . . . Parts Built . | . . . Matter . | . . . Time . | . . . Total Part Build Rating . | . . . Parts Repaired . | . . . Time . | . . . Parts Recycled . | . . . Recycled Matter . | . . . Retrieved Matter . | . . . Retrieved Components . | . . . Parts Scanalyzed . | . . . Part Schematics Acquired . | . . . Parts Damaged . | . . . Bothacking | -11 -10 -10 ------------ Run | Scr Mat Min Used RIF Installer . | . . . Robots Hacked . | . . . Non-combat . | . . . Combat . | . . . Robot Hacks Applied . | . . . Relay Couplers Released . | . . . Robots Rewired . | . . . Allies Hacked . | . . . Hacks Repelled . | . . . Allies | -11 -10 -10 -------- Run | Scr Mat Min Total Allies . | . . . Largest Group . | . . . Highest-Rated Group . | . . . Highest-Rated Ally . | . . . Total Orders . | . . . Ally Attacks . | . . . Total Damage . | . . . Kills . | . . . Allies Corrupted . | . . . Allies Melted . | . . . Intel | -11 -10 -10 ------- Run | Scr Mat Min Robot Analysis Total 1 | . 1 . Derelict Logs Recovered . | . . . Drone Launches . | . . . Drone Recoveries . | . . . Exploration | -11 -10 -10 ------------- Run | Scr Mat Min Turns Passed 409 | 59 233 117 Spaces Moved 269 | 79 138 52 Core 173 | 79 57 37 Treads 96 | . 81 15 Legs . | . . . Wheels . | . . . Hover . | . . . Flight . | . . . Fastest Speed 50 | 50 100 50 Average Speed 102 | 60 135 81 Slowest Speed 160 | 100 160 160 Overloaded Moves . | . . . Propulsion Burnouts . | . . . Robots Hopped . | . . . Cave-ins Triggered . | . . . Exploration Rate (%) 22 | 4 46 17 Regions Visited 2 Branch Regions 1 Pre-discovered Areas . | . . . Known Exits Taken . | . . . Unknown Exits Taken 2 | 1 1 . Scrap Searched . | . . . Spaces Dug 33 | . 3 30 Terrain Destroyed 135 | . 39 96 Melee . | . . . Projectile . | . . . AOE 135 | . 39 96 Terrain Rammed . | . . . Walls Destroyed . | . . . Machines Disabled . | . . . Actions | -11 -10 -10 --------- Run | Scr Mat Min Total 360 | 88 173 99 Wait 5 | . 5 . Move 267 | 78 137 52 Hop . | . . . Pick Up 15 | 5 8 2 Fast Attach 10 | 4 3 3 Attach 10 | 1 2 7 Detach . | . . . Swap 5 | . 5 . Drop 7 | . 4 3 Fire 32 | . 9 23 Melee . | . . . Ram 2 | . . 2 Kick . | . . . Crush 7 | . . 7 Escape Stasis . | . . . Rewire . | . . . Trap . | . . . Miscellaneous . | . . . Route ------- -11/Scrapyard -10/Materials (discovered 2 exits: [*Mat] / [*Min]) -10/Mines History --------- Turn | Location | Event 4 | -11/Scrapyard | Discovered new exit (range 15) 60 | -11/Scrapyard | Entered Materials 169 | -10/Materials | Discovered new exit (range 15) 273 | -10/Materials | Discovered new exit (range 13) 293 | -10/Materials | Entered Mines 294 | -10/Mines | Assembled infested the area 306 | -10/Mines | Build established: Mutant 352 | -10/Mines | Destroyed 16 combat bots 357 | -10/Mines | Lost 9 parts (1p3n5w) 373 | -10/Mines | Core integrity fell below 50% 399 | -10/Mines | Core integrity fell below 20% 406 | -10/Mines | Lost 3 parts (2n1w) 410 | -10/Mines | Core destroyed Last Messages --------------- 00362_ Y-45 Defender destroyed. 00362_ Imp. Treads destroyed. 00362_ Destroyed Imp. Treads. 00363_ Rocket Launcher destroyed. 00364_ Acquired 44 matter. 00368_ Acquired Hvy. Assault Rifle. 00375_ Imp. Treads destroyed. 00376_ The unstable cave ceiling collapses. 00381_ Y-45 Defender destroyed. 00383_ The unstable cave ceiling collapses. 00383_ Dropped Med. Storage Unit. 00385_ Acquired 33 matter. 00387_ Acquired Targeting Computer. 00389_ Acquired Weapon Shielding. 00391_ Dropped Hvy. Assault Rifle. 00391_ Acquired Hvy. Assault Rifle. 00396_ Acquired Beam Rifle. 00407_ Slammed into G-47 Trooper. 00409_ Slammed into as-71418. 00410_ Destabilizing: Core damaged (-10). Map ----- +----------------------------------------------------+ | ??# ##??????????????????????????????????? | | ??# ??????????????????????????????????? | | ??# ###???????????????????????????????? | | ?## #???????????????????????????????? | | ?# " #?????????? ????????????????????? | | ??# ####????? ???????????????????? | | ???# #???? ??????????????????? | | ???# # # #### #????????????????????? | | ???# # # #????????????????????? | | ????# ###??????????????????? | | ????# ## #??????????????????? | | ????# ### % #??????????????????? | | ????## ### % # #??????????????????? | | ?????### ## #??????????????????? | | ?????##### # ### #??????????????????? | | ?##### # ##?????????????????? | | ##" ## # #?????????????????? | | #"" # # #?????????????????? | | # #? ##### #?????????? | | #|! ! ### % ???????????? | | #"" #??????????????????? | | ##" #!! #### #??????????????????? | | ?#### #??## ##??????????????????? | | ???# #???# ##???????????????????? | | ???### ########## #????????????????????? | | ????#### ####???# g @a #????????????????????? | | ???????###??????#g######????????????????????? | | ????????????????# #?????????????????????????? | | ????????????????# #?????????????????????????? | | ????????????????# #?????????????????????????? | | ????????????????# #?????????????????????????? | | ????????????????# #?????????????????????????? | | ????????????????# ?????????????????????????? | | ????????????????###?????????????????????????? | | ????????????????????????????????????????????? | | ????????????????????????????????????????????? | | ????????????????????????????????????????????? | | ????????????????????????????????????????????? | | ????????????????????????????????????????????? | | ????????????????????????????????????????????? | | | | | | | | | | | | | | | | | | | | | +----------------------------------------------------+ Best States ------------- Heat Dissipation 25 Energy Generation 10 Energy Capacity 125 Matter Stores 300 Matter Capacity 300 Sight Range 16 Terrain Scan Density 10 Weapon Shielding 33 Evasion (%) 50 Targeting Accuracy 5 Recoil Reduction 2 Item Schematics ----------------- None Robot Schematics ------------------ None Fabricated ------------ Nothing Alien Tech Used ----------------- None Achievements -------------- None Challenges ------------ None Game ------ Seed UtilityChipSpear Manual? 0 Play Time 00:06:01 Cumulative 435.3 hours Start 2021.06.09 @ 21:10:55 End 2021.06.09 @ 21:15:24 Sessions 1 Manual Loads 0 Difficulty Rogue Special Mode None Game No. 333 Rogue 326 Adventurer 0 Explorer 7 Win Type - Total 20 Types 8/2/9/1/0/0/0/0/0 Lore% 81 Gallery% 94 Achievement% 78 Wizard Run 0 Options --------- ASCII 0 Keyboard 0 Movement Numpad Keybinds 0 Fullscreen 1 Font 18/X11Bold Map View 76x50 Tactical HUD 1 Map Filters NONE Filters NONE Steam 1 RUN: af1062b9-d715-42b9-8241-652397cc3c6c